Map: 뉴 리퍼그넌시 - 래더

Players

InZaNe

  • Race: Terran Terran
  • League: Grandmaster
  • Spawn Location: 7:00

lllIIIIllll (Creator) - Winner!

  • Race: Protoss Protoss
  • League: Master
  • Spawn Location: 1:00

Event: HomeStory Cup XIX

VOD

Have the link to the VOD?

Description

Time

  • Played on: June 27, 2019, 8:24 a.m.
  • Length: 8:48

All games in this series

Show
View Real Time Build Order
Export as new Build Order

InZaNe Terran 

Build Orders: Reaper Expand 

Get SALT Encoding   

  12  0:00  SCV  
  13  0:12  SCV  
  14  0:17  Supply Depot  
  14  0:24  SCV  
  15  0:38  SCV  
  15  0:40  Barracks  
  16  0:44  Refinery  
  16  0:50  SCV  
  17  1:02  SCV  
  18  1:14  SCV  
  19  1:27  Reaper  
  19  1:28  Orbital Command  
  20  1:42  Command Center  
  20  1:49  Supply Depot  
  20  1:54  SCV  
  21  1:59  Marine  
  22  2:06  SCV  
  23  2:10  Factory  
  23  2:17  Refinery  
  23  2:18  SCV  
  23  2:22  Barracks Reactor  
  24  2:30  SCV  
  25  2:42  SCV  
  26  2:54  SCV  
  26  2:56  Widow Mine, Starport  
  26  2:57  Orbital Command  
  29  2:59  Marine x2  
  31  3:06  SCV  
  32  3:17  Widow Mine  
  32  3:18  Marine x2, SCV  
  32  3:19  Bunker  
  36  3:23  SCV  
  37  3:30  SCV  
  37  3:33  Medivac  
  40  3:35  SCV  
  40  3:37  Supply Depot  
  40  3:38  Widow Mine  
  40  3:40  Marine x2  
  45  3:43  SCV  
  44  3:50  SCV  
  44  3:55  SCV  
  45  4:01  Factory Tech Lab  
  45  4:02  Marine x2  
  47  4:03  SCV  
  47  4:07  SCV  
  47  4:09  Starport Tech Lab  
  49  4:12  Barracks x2  
  49  4:15  SCV  
  50  4:19  Marine  
  50  4:20  Marine, Refinery  
  50  4:21  Supply Depot  
  52  4:26  SCV  
  52  4:30  Factory Tech Lab  
  53  4:32  Engineering Bay  
  53  4:35  Supply Depot  
  53  4:39  SCV  
  53  4:43  Raven, Marine x2, SCV  
  59  4:51  SCV  
  60  4:55  SCV  
  60  4:59  Factory Reactor  
  61  5:01  Marine x2  
  61  5:03  SCV  
  60  5:07  SCV  
  53  5:15  SCV  
  53  5:19  Stimpack, SCV  
  48  5:21  Marine x2  
  48  5:27  Combat Shield, SCV  
  49  5:31  SCV  
  49  5:33  Marine  
  47  5:44  SCV  
  48  5:50  Starport Reactor  
  48  5:51  Terran Infantry Weapons Level 1  
  48  5:54  Marine x4  
  52  6:04  Widow Mine x2, SCV x2  
  58  6:11  Marine  
  58  6:12  Marine x3  
  62  6:19  Supply Depot  
  62  6:27  Widow Mine x2, Supply Depot  
  62  6:29  Marine  
  62  6:30  Medivac  
  69  6:38  Marine  
  70  6:40  Marine x2, Medivac  
  70  6:42  Supply Depot  
  74  6:47  Concussive Shells  
  74  6:49  Widow Mine  
  74  6:52  Widow Mine  
  74  6:53  Marine  
  79  6:56  Marauder  
  79  6:57  Supply Depot  
  79  7:01  Marine  
  79  7:02  Marauder  
  82  7:10  Supply Depot  
  82  7:12  Marine  
  82  7:13  Widow Mine  
  85  7:16  Medivac x2  
  85  7:20  Widow Mine  
  91  7:22  Marine  
  91  7:29  Marauder  
  94  7:30  Marauder  
  94  7:33  Marine  
  94  7:36  Widow Mine  
  99  7:41  Marine  
  99  7:42  Widow Mine  
  98  7:50  Marauder  
  95  7:54  Marine  
  95  7:55  Marauder  
  92  8:06  Marine  
  92  8:12  Marine, Marauder  
  91  8:15  Widow Mine x2  
  91  8:16  Marauder  
Show
View Real Time Build Order
Export as new Build Order

lllIIIIllll Protoss - Winner!

Build Orders: 1 Gate Expand, Oracle Opening 

Get SALT Encoding   

  12  0:00  Probe  
  13  0:12  Probe  
  14  0:17  Pylon  
  14  0:24  Probe  
  15  0:32  Probe  
  15  0:35  Gateway  
  15  0:40  Probe  
  16  0:46  Assimilator  
  17  0:51  Probe  
  18  1:03  Probe  
  19  1:15  Probe  
  20  1:22  Cybernetics Core  
  20  1:32  Nexus  
  20  1:35  Probe  
  21  1:42  Pylon  
  21  1:47  Assimilator  
  21  1:49  Probe  
  21  1:50  Adept  
  24  2:01  Probe  
  25  2:10  Adept  
  25  2:14  Probe  
  28  2:26  Probe  
  29  2:34  Stargate  
  29  2:38  Probe  
  29  2:39  Warp Gate  
  29  2:43  Probe  
  30  2:47  Adept  
  30  2:50  Probe  
  34  2:51  Probe  
  35  2:59  Probe  
  35  3:02  Probe  
  37  3:09  Oracle  
  37  3:11  Probe  
  38  3:15  Probe  
  42  3:23  Probe  
  42  3:27  Probe, Pylon  
  44  3:28  Gateway  
  44  3:29  Gateway  
  44  3:35  Probe  
  44  3:39  Probe  
  44  3:43  Oracle  
  44  3:47  Probe  
  48  3:51  Probe  
  48  3:52  Pylon  
  49  3:59  Probe  
  50  4:03  Probe  
  50  4:08  Nexus  
  51  4:11  Probe  
  51  4:15  Probe  
  53  4:17  Phoenix  
  53  4:21  Pylon  
  57  4:26  Adept  
  57  4:27  Probe, Adept x2  
  62  4:34  Assimilator  
  62  4:36  Assimilator  
  62  4:40  Twilight Council  
  62  4:43  Forge  
  62  4:51  Zealot  
  61  4:55  Blink  
  61  4:57  Stalker  
  61  4:58  Probe  
  61  4:59  Probe  
  59  5:16  Probe x2  
  61  5:24  Probe  
  61  5:28  Probe  
  63  5:32  Probe  
  63  5:33  Protoss Ground Weapons Level 1  
  64  5:36  Probe  
  64  5:40  Probe  
  66  5:44  Probe, Gateway  
  66  5:47  Gateway x2  
  66  5:48  Probe  
  66  5:49  Shield Battery, Gateway  
  68  5:52  Probe  
  68  5:53  Gateway  
  68  5:54  Gateway  
  68  5:55  Probe  
  70  5:57  Sentry, Probe  
  70  6:02  Pylon  
  70  6:03  Probe  
  73  6:04  Probe  
  73  6:05  Probe  
  76  6:11  Probe  
  76  6:12  Stalker  
  76  6:14  Stalker, Probe  
  76  6:16  Probe  
  83  6:23  Robotics Facility  
  83  6:25  Stalker  
  85  6:30  Pylon  
  85  6:32  Probe x2  
  87  6:33  Probe  
  87  6:35  Assimilator  
  87  6:39  Sentry x2  
  92  6:40  Pylon  
  92  6:42  Pylon  
  92  6:49  Pylon  
  92  6:50  Charge, Stalker x2  
  92  6:54  Pylon  
  96  7:00  Warp Prism  
  93  7:07  Stalker x3  
  96  7:13  Stalker x2  
  102  7:17  Stalker  
  102  7:19  Pylon  
  102  7:21  Pylon  
  102  7:22  Stalker x2  
  108  7:36  Immortal  
  112  7:37  Photon Cannon  
  112  7:40  Stalker x3  
  118  7:55  Stalker x4  
  112  8:12  Zealot x2  
  108  8:23  Stalker x6  
  117  8:31  Zealot  
  105  8:43  Stalker x2  
Tags
 
Add a new tag
Caveats
  • Supply blocks, unpowered buildings, or Contaminate may cause inaccurate times.
  • Supply counts are checked every 10 seconds.